 Dungeon Crawl Stone Soup version 0.25-a0-589-g1e14c549ee (webtiles) character file.

Game seed: 16853538005529728905, levelgen mode: deterministic

21 kae the Gusty (level 2, 0/20 HPs)
             Began as a Draconian Air Elementalist on Mar 12, 2020.
             Shot with a stone by a goblin (2 damage)
             ... on level 2 of the Dungeon.
             The game lasted 00:00:46 (1253 turns).

kae the Gusty (Draconian Air Elementalist)          Turns: 1253, Time: 00:00:47

Health: 0/20       AC:  4    Str: 10    XL:     2   Next: 62%
Magic:  3/5        EV: 12    Int: 15    God:
Gold:   22         SH:  0    Dex: 11    Spells: 2/5 levels left

rFire    . . .     SeeInvis .   d - +1 dagger (pain)
rCold    . . .     Gourm    .   (no shield)
rNeg     . . .     Faith    .   (armour unavailable)
rPois    .         Spirit   .   (helmet restricted)
rElec    .         Reflect  .   (no cloak)
rCorr    .         Harm     .   (no gloves)
MR       .....                  (no boots)
Stlth    ++........             (no amulet)
HPRegen  0.06/turn              (no ring)
MPRegen  0.09/turn              (no ring)

@: very slightly contaminated, slowed, very slow
A: unfitting armour, cold-blooded, AC +4
a: no special abilities


You were on level 2 of the Dungeon.
You were not hungry.

You visited 1 branch of the dungeon, and saw 2 of its levels.

You collected 22 gold pieces.

Inventory:

Hand Weapons
 d - a +1 dagger of pain (weapon)
Scrolls
 h - a scroll of amnesia
Potions
 a - a potion of curing {unknown}
 e - 2 potions of brilliance {unknown}
 f - a potion of heal wounds {unknown}
 g - a potion of magic {unknown}
Comestibles
 b - a ration
 c - a chunk of flesh


   Skills:
 - Level 1.7 Dodging
 - Level 1.7 Stealth
 + Level 2.2 Spellcasting
 + Level 1.5 Conjurations
 * Level 3.5 Air Magic


You had 2 spell levels left.
You knew the following spells:

 Your Spells              Type           Power        Failure   Level  Hunger
a - Shock                 Conj/Air       #...         8%          1    #......
b - Swiftness             Chrm/Air       #.......     16%         2    ###....

Your spell library contained the following spells:

 Spells                   Type           Power        Failure   Level  Hunger
 Static Discharge         Conj/Air       #.......     22%         3    ###....
 Airstrike                Air            ##........   45%         4    #####..
 Lightning Bolt           Conj/Air       #.........   91%         5    ######.


Dungeon Overview and Level Annotations

Branches:
Dungeon (2/15)

Altars:


Innate Abilities, Weirdness & Mutations

Your plain brown scales are hard. (AC +4)
You cannot fit into any form of body armour.
You are cold-blooded and may be slowed by cold attacks.


Message History

Confirm with . or Enter, or press ? or * to list all spells.
Aiming: Shock (safe; 8% risk of failure)
Press: ? - help, Shift-Dir - straight line You miscast Shock.
You are very lightly contaminated with residual magic.
Nothing appears to happen.
The goblin closely misses you. The goblin barely misses you.
Casting: Shock (safe; 8% risk of failure)
Confirm with . or Enter, or press ? or * to list all spells.
Aiming: Shock (safe; 8% risk of failure)
Press: ? - help, Shift-Dir - straight line The zap hits the goblin.
You kill the goblin!
You feel yourself speed up.
The goblin shoots a stone.
The stone hits you. The stone freezes you.
* * * LOW HITPOINT WARNING * * *
The goblin shoots a stone.
The stone hits you.
* * * LOW HITPOINT WARNING * * *
You feel yourself slow down. The stone freezes you.
You die...

#. #. ##g#### .....#
#...# #..†# #. #..@# #..
#..(# #...#...#
#.#.#...############
........'.........>####
###.....#######.......#
........# #.......#
#####...#######.......##
..........†.............


You could see a goblin.

Vanquished Creatures
  2 giant cockroaches
  3 goblins
  4 hobgoblins (D:1)
  A quokka (D:2)
  5 bats
  2 kobolds (D:1)
  2 rats (D:1)
19 creatures vanquished.

Notes
Turn   | Place    | Note
-------+----------+-------------------------------------------
     0 | D:1      | kae the Draconian Air Elementalist began the quest for the
                  | Orb.
     0 | D:1      | Reached XP level 1. HP: 14/14 MP: 3/3
   454 | D:1      | Reached XP level 2. HP: 20/20 MP: 5/5
   567 | D:1      | Learned a level 2 spell: Swiftness
  1201 | D:2      | Found a faded altar of an unknown god.
  1253 | D:2      | Shot with a stone by a goblin

Levels and vault maps discovered:
D:1:      giann_wishing_wells, layout_loops_corners, minmay_tree_intersection
D:2:      layout_basic, gammafunk_temple_overflow_statue, first_ration,
          chequers_ecumenical_altar_simple, uniq_sigmund

Action                   || total
-------------------------++-------
Melee: Dagger            ||    34
       Unarmed           ||    10
       Tailslap          ||     6
 Cast: Shock             ||     8
  Use: Scroll            ||     2
 Stab: Sleeping          ||     3
  Eat: Chunk             ||     1
Armor: Skin              ||    19
Dodge: Dodged            ||    39

Table legend:
 A = Non-vault XP
 B = Vault XP
 C = Vault XP percentage of total XP
 D = Non-vault monster count
 E = Vault monster count
 F = Vault count percentage of total count
                 A         B        C        D         E       F
            +---------+---------+-------+---------+---------+-------
      Total |      30 |       0 |   0.0 |      19 |       0 |   0.0
            +---------+---------+-------+---------+---------+-------
        D:1 |      23 |       0 |   0.0 |      14 |       0 |   0.0
        D:2 |       7 |       0 |   0.0 |       5 |       0 |   0.0
            +---------+---------+-------+---------+---------+-------
